 Dungeon Crawl Stone Soup version 0.30.1-4-g462c640d31 (webtiles) character file.

Game seed: 4156644030718615803

38 lonewolfV2 the Covered (level 3, 0/29 HPs)
             Began as a Demonspawn Fighter on Aug 28, 2023.
             Slain by Sigmund
             ... wielding a +0 scythe
              (9 damage)
             ... on level 2 of the Dungeon.
             The game lasted 00:01:15 (739 turns).

lonewolfV2 the Covered (Demonspawn Fighter)          Turns: 739, Time: 00:01:15

Health: 0/29       AC:  7    Str: 18    XL:     3   Next: 25%
Magic:  3/3        EV:  9    Int:  9    God:
Gold:   78         SH:  4    Dex: 12    Spells: 2/2 levels left

rFire   . . .        h - +8 hand axe "Meka" {freeze, rC+ Stlth+}
rCold   + . .        c - +0 buckler
rNeg    . . .        b - +0 scale mail
rPois   .            (no helmet)
rElec   .            (no cloak)
rCorr   .            (no gloves)
SInv    .            (no boots)
Will    .....        (no amulet)
Stlth   +            (no ring)
HPRegen 0.24/turn    (no ring)
MPRegen 0.08/turn

%: no passive effects
@: no status effects
A: sharp scales 1
a: no special abilities


You were on level 2 of the Dungeon.
You visited 1 branch of the dungeon, and saw 2 of its levels.

You collected 78 gold pieces.

Inventory:

Hand Weapons
 a - a +0 war axe
 h - the +8 hand axe "Meka" (weapon) {freeze, rC+ Stlth+}
   (You found it on level 2 of the Dungeon)

   rC:        It protects you from cold.
   Stlth:     It makes you more stealthy.
Armour
 b - a +0 scale mail (worn)
 c - a +0 buckler (worn)
Potions
 d - 2 potions of might
 f - a potion of mutation {unknown}
 g - a potion of lignification {unknown}
 j - a potion of berserk rage {unknown}


   Skills:
 + Level 3.2 Fighting
 + Level 2.1 Axes
 + Level 3.2 Armour
 + Level 3.1 Shields


You had 2 spell levels left.
You didn't know any spells.
Your spell library contained the following spells:

 Spells                   Type           Power      Damage    Failure   Level
 Slow                     Hex            0%         N/A       85%         1
 Confusing Touch          Hex            0%         N/A       99%         3
 Tukima's Dance           Hex            0%         N/A       99%         3
 Vampiric Draining        Necr           0%         2d6       99%         3
 Passage of Golubria      Tloc           0%         N/A       100%        4
 Yara's Violent Unravell  Hex/Tmut       0%         3d3       100%        5


Dungeon Overview and Level Annotations

Branches:
Dungeon (2/15)

Altars:

Shops:
D:1 *

Annotations:
D:2 Sigmund


Innate Abilities, Weirdness & Mutations

You are partially covered in razor-sharp scales. (AC +1, Slay +1)


Message History

Found a leather armour.
You see here the +8 hand axe "Meka" {freeze, rC+ Stlth+}.
You see here the +8 hand axe "Meka" {freeze, rC+ Stlth+}.
h - the +8 hand axe "Meka" {freeze, rC+ Stlth+} The +8 hand axe "Meka" {freeze, rC+ Stlth+} glows with a cold blue light!
h - the +8 hand axe "Meka" (weapon)
{freeze, rC+ Stlth+}
i - a scroll labelled HUV CIPHIH You now have 63 gold pieces (gained 12).
j - a dark potion
Okay, then.
As you read the scroll labelled HEGYDU JUIPITT, it crumbles to dust.
You feel aware of your surroundings.
You sensed 1 altar.
It was a scroll of magic mapping.
As you read the scroll labelled HUV CIPHIH, it crumbles to dust.
It is a scroll of amnesia.
You feel forgetful for a moment.
You open the door.
There is an open door here.
Found an escape hatch in the ceiling.
You now have 78 gold pieces (gained 15).
Found a stone staircase leading down.
A rat comes into view.
Found a stone.
A rat is nearby!
Sigmund the Dreaded comes into view.
He is wielding a +0 scythe.
Sigmund shouts!
There is a stone staircase leading down here.
The rat barely misses you.
Sigmund casts a spell.
Sigmund flickers and vanishes!
Deactivating autopickup; reactivate with Ctrl-A.
You slash the rat! You freeze the rat.
You kill the rat!
A magic dart appears from out of thin air!
The magic dart hits you. Something hits you!
You barely miss something. Something hits you.
You barely miss something. Something hits you.
You miss something. Something hits you!
You die...

***** *************,,,*
******##.,,,,**,,,,,,*,#***
,,,,,,,..*,*,,,,,,,,,,..,,*
*****###..,,,,*,**,,*.#.*,*
,,,,,,...#,*,,,,,,,,....,,*
,*,,,,,,...,,,,,,,,.#.#.*,*
,,,,,,,###.#######(.....,,**
,,,,,,,+....>...@{..#.#.*,,*
,*,,,,,#####.#####......,,,*
,,,,,,,* #.# *,###.#*,,*
,*,,,,,* #.# *,***,,,,**
,,,,,,,* #.# *,,,,,****
,,,,,,,* #.# *******
,,,,,,,* #.# ,,,,**** #.#
***** #.#


There were no monsters in sight!

Vanquished Creatures
  An adder (D:2)
  A dart slug (D:1)
  3 endoplasms (D:1)
  A giant cockroach (D:1)
  4 goblins
  A hobgoblin (D:1)
  3 quokkas
  4 ball pythons
  4 bats
  2 frilled lizards (D:1)
  A rat (D:2)
25 creatures vanquished.

Notes
Turn   | Place    | Note
-------+----------+-------------------------------------------
     0 | D:1      | lonewolfV2 the Demonspawn Fighter began the quest for the
                  | Orb.
     0 | D:1      | Reached XP level 1. HP: 18/18 MP: 1/1
    85 | D:1      | Found Bilimed's General Store.
   150 | D:1      | Gained mutation: You are partially covered in razor-sharp
                  | scales. (AC +1, Slay +1) [demonic ancestry]
   150 | D:1      | Reached XP level 2. HP: 24/24 MP: 2/2
   632 | D:2      | Reached XP level 3. HP: 24/29 MP: 3/3
   674 | D:2      | Identified the +8 hand axe "Meka" {freeze, rC+ Stlth+}
   731 | D:2      | Noticed Sigmund
   739 | D:2      | Slain by Sigmund

Illustrated notes

Levels and vault maps discovered:
D:1:      dpeg_arrival_round_b, layout_basic, serial_shops, shop
D:2:      layout_basic, serial_glass, glass_columns_a, glass_columns_b,
          glass_columns_a, glass_columns_a, glass_columns_b, glass_columns_a,
          basic_altar, uniq_robin, uniq_sigmund

Skill      XL: |  1  2 |
---------------+-------+-----
Armour         | 3 |  3.2
Axes           | 2 |  2.1
Shields        | 3 |  3.1
Fighting       | |  3.2

Action                     || total
---------------------------++-------
  Melee: War axe           ||    45
         Hand axe          ||     4
    Use: Scroll            ||     2
 Armour: Scale mail        ||    28
  Dodge: Dodged            ||    26
  Block: Buckler           ||    10
